 Dungeon Crawl Stone Soup version 0.28-a0-425-gd0eccab798 (console) character file.

Game seed: 5741361553858017534

23 Morrissey the Sneak (level 2, 0/13 HPs)
             Began as a Spriggan Enchanter on Sept 9, 2021.
             Was a Follower of Qazlal.
             Slain by a bat (1 damage)
             ... on level 2 of the Dungeon.
             The game lasted 00:01:55 (1370 turns).

Morrissey the Sneak (Spriggan Enchanter)            Turns: 1370, Time: 00:01:55

Health: 0/13       AC:  2    Str:  4    XL:     2   Next: 75%
Magic:  15/15      EV: 17    Int: 16    God:    Qazlal [*.....]
Gold:   121        SH:  2    Dex: 15    Spells: 4/6 levels left

rFire   . . .      SeeInvis +   f - +1 dagger (speed)
rCold   . . .      Faith    .   (shield restricted)
rNeg    . . .      Spirit   .   b - +0 robe
rPois   .          Reflect  .   (helmet restricted)
rElec   .          Harm     .   (no cloak)
rCorr   .          Rampage  .   (gloves unavailable)
Will    .....                   (boots unavailable)
Stlth   +++.......              (no amulet)
HPRegen 0.04/turn               e - ring of magical power
MPRegen 0.14/turn               (no ring)

@: lethally poisoned (0 -> -5), very quick
A: very small, no large weapons, unfitting armour, see invisible, speed 3
a: Renounce Religion


You were on level 2 of the Dungeon.
You worshipped Qazlal.
Qazlal was aware of your devotion.
You visited 1 branch of the dungeon, and saw 2 of its levels.

You collected 121 gold pieces.

Inventory:

Hand Weapons
 a - a +1 dagger
 f - a +1 dagger of speed (weapon)
Armour
 b - a +0 robe (worn)
Jewellery
 e - a ring of magical power (left hand)
 h - a ring of poison resistance
Scrolls
 g - a scroll of blinking {unknown}
 k - a scroll of identify {unknown}
Potions
 c - a potion of invisibility
 d - 2 potions of mutation {unknown}
 i - a potion of curing {unknown}
 j - a potion of haste {unknown}


   Skills:
 + Level 1.3 Short Blades
 + Level 3.1 Dodging
 * Level 5.1 Stealth
 + Level 2.9 Spellcasting
 * Level 4.0 Hexes


You had 4 spell levels left.
You knew the following spells:

 Your Spells              Type           Power      Damage    Failure   Level
b - Ensorcelled Hibernat  Hex/Ice        16%        N/A       12%         2

Your spell library contained the following spells:

 Spells                   Type           Power      Damage    Failure   Level
 Confusing Touch          Hex            15%        N/A       11%         3
 Tukima's Dance           Hex            15%        N/A       11%         3
 Dazzling Flash           Conj/Hex       16%        N/A       24%         3


Dungeon Overview and Level Annotations

Branches:
Dungeon (2/15)

Altars:
Qazlal


Innate Abilities, Weirdness & Mutations

You are very small and have problems with some larger weapons.
You are too small for most types of armour.
You have supernaturally acute eyesight. (SInv)
You cover ground extremely quickly. (Speed+++)


Message History

The bat is moderately wounded.
The bat closely misses you. The adder misses you.
You hit the adder.
The adder is lightly wounded.
The bat hits you but does no damage. The adder bites you.
You closely miss the bat.
The bat is moderately wounded.
The bat hits you. The adder barely misses you.
You hit the adder.
The adder is moderately wounded.
You block the bat's attack. The adder bites you.
* * * LOW HITPOINT WARNING * * *
You are too injured to fight recklessly!
You are too injured to fight recklessly!
You are too injured to fight recklessly!
You are too injured to fight recklessly!
You are too injured to fight recklessly!
You are too injured to fight recklessly!
You are too injured to fight recklessly!
You hit the adder but do no damage.
The adder is moderately wounded.
The bat completely misses you.
You hit the adder.
The adder is heavily wounded.
The bat completely misses you. The adder bites you.
* * * LOW HITPOINT WARNING * * *
You are lethally poisoned!
The adder poisons you!
You barely miss the adder.
The adder is heavily wounded.
* * * LOW HITPOINT WARNING * * *
You feel sick. The adder bites you but does no damage.
You miss the adder.
The adder is heavily wounded.
* * * LOW HITPOINT WARNING * * *
You feel sick. The bat barely misses you. The adder closely misses you.
You miss the adder.
The adder is heavily wounded.
The bat hits you.
You die...

..........#..........#
....##...............#
.....................#
.........#..........#
........#..........#
.................##
#..#...#........####
#####..b....##.#........
......S@.##.##.#........
.....#..................
.....#...#......).......
#####..............#####
#...............#.#
.#..#..#..#..#.#.# .
..#..#..#..#....####
..#..#..#..#......(.##
#..#..#..#..#.####...


You could see an adder and a bat.

Vanquished Creatures
  An endoplasm (D:1)
  4 giant cockroaches
  4 goblins (D:1)
  A hobgoblin (D:1)
  2 kobolds (D:1)
  A quokka (D:1)
  2 ball pythons
  A bat (D:1)
  2 frilled lizards (D:1)
  4 rats (D:1)
22 creatures vanquished.

Notes
Turn   | Place    | Note
-------+----------+-------------------------------------------
     0 | D:1      | Morrissey the Spriggan Enchanter began the quest for the
                  | Orb.
     0 | D:1      | Reached XP level 1. HP: 9/9 MP: 5/5
   328 | D:1      | Found a faded altar of an unknown god.
   384 | D:1      | Became a worshipper of Qazlal Stormbringer
   384 | D:1      | Reached * piety under Qazlal
   630 | D:1      | Reached XP level 2. HP: 13/13 MP: 6/6
   820 | D:1      | Learned a level 2 spell: Ensorcelled Hibernation
   860 | D:1      | Reached skill level 5 in Stealth
  1370 | D:2      | Slain by a bat

Illustrated notes

Levels and vault maps discovered:
D:1:      eino_arrival_water_star, layout_rooms,
          shapermc_ecumenical_altar_totnotflames
D:2:      layout_rooms, minmay_misc_feat_diagonals

Skill      XL: |  1  2 |
---------------+-------+-----
Dodging        | 3 |  3.1
Stealth        | 5 |  5.1
Hexes          | 4 |  4.0
Short Blades   | |  1.3
Spellcasting   | |  2.9

Action                   || total
-------------------------++-------
Melee: Dagger            ||   111
 Stab: Sleeping          ||     2
Armor: Robe              ||     5
Dodge: Dodged            ||    57
Block: Other             ||     7

Table legend: (Time is in decaauts)
 A = Elapsed time spent in this place.
 B = Non-inter-level travel time spent in this place.
 C = Inter-level travel time spent in this place.
 D = Time resting spent in this place.
 E = Time spent auto-exploring this place.
 F = Levels seen in this place.
 G = Mean time per level.
                   A        B        C        D        E       F      G
               +--------+--------+--------+--------+--------+-----+--------+
         Total |   1070 |   1052 |     18 |    230 |    644 |   2 |  535.0 |
       Dungeon |   1070 |   1052 |     18 |    230 |    644 |   2 |  535.0 |
               +--------+--------+--------+--------+--------+-----+--------+

Top non-repeatable levels by time:
     D:1: 987 daAuts
     D:2: 83 daAuts
